 Dungeon Crawl Stone Soup version 0.19-a0-1922-g1e9a4c1 (webtiles) character file.

72 varam the Ruffian (level 4, 44/44 HPs)
             Began as a Troll Monk on Oct 24, 2016.
             Was a Follower of Uskayaw.
             Quit the game on level 1 of the Dungeon.
             The game lasted 00:03:52 (1151 turns).

varam the Ruffian (Troll Monk)                      Turns: 1151, Time: 00:03:53

Health: 44/44      AC:  5    Str: 19    XL:     4   Next: 7%
Magic:  3/3        EV: 11    Int:  6    God:    Uskayaw [*.....]
Gold:   42         SH:  0    Dex: 13    Spells: 0 memorised, 3 levels left

rFire  . . .     SeeInvis .       - Unarmed
rCold  . . .     Gourm    +     a - +0 robe
rNeg   . . .     Faith    +     (no shield)
rPois  .         Spirit   .     (helmet restricted)
rElec  .         Reflect  .     (no cloak)
rCorr  .         Harm     .     (gloves unavailable)
MR     .....                    (boots unavailable)
Stlth  ++........               g - amulet of faith
                                (no ring)
                                (no ring)

@: no status effects
A: unfitting armour, claws 3, fast metabolism 3, gourmand, regeneration 1,
shaggy fur 1, tough skin 2
a: Stomp, Renounce Religion


You were on level 1 of the Dungeon.
You worshipped Uskayaw.
Uskayaw was noncommittal.
You were very full.

You visited 1 branch of the dungeon, and saw 3 of its levels.

You collected 42 gold pieces.

Inventory:

Missiles
 p - 4 javelins (quivered)
Armour
 a - a +0 robe (worn)
Jewellery
 g - an amulet of faith (around neck)
Wands
 o - a wand of lightning (8/15)
Scrolls
 c - 7 scrolls of identify {unknown}
 f - a scroll of fog {unknown}
 h - a scroll of immolation {unknown}
 i - a scroll of enchant weapon {unknown}
 k - a scroll of random uselessness {unknown}
 l - a scroll of fear {unknown}
 m - a scroll of amnesia {unknown}
 n - a scroll of recharging {unknown}
Potions
 d - a potion of brilliance {unknown}
 e - a potion of might {unknown}
Comestibles
 b - 3 bread rations
 j - a meat ration


   Skills:
 + Level 2.7 Fighting
 + Level 3.3 Dodging
 - Level 1.0 Stealth
 + Level 3.9 Unarmed Combat


You had 3 spell levels left.
You didn't know any spells.

Dungeon Overview and Level Annotations

Branches:
Dungeon (3/15)

Altars:
Ashenzari
Uskayaw


Innate Abilities, Weirdness & Mutations

You are too large for most types of armour.
You have claws for hands.
Your metabolism is lightning-fast.
You like to eat raw meat.
Your natural rate of healing is unusually fast.
You are covered in fur. (AC +1)
You have very tough skin. (AC +2)


Message History

This raw flesh tastes great.
Eating a chunk of flesh.
You start eating the chunk of flesh.
This raw flesh tastes great.
Things that are here:
a club; a goblin skeleton You open the door.
There is an open door here.
You open the door.
There is an open door here.
You open the door.
There is an open door here.
You open the door.
There is an open door here.
c - 7 scrolls labeled ZORIEVYSOECH (gained 1)
A dart slug comes into view.
You claw the dart slug!
You kill the dart slug!
Done exploring.
Done exploring.
Are you sure you want to abandon this character and quit the game? (Confirm with "yes".)

..#
#.#.#.......#.###.#.#.######
..###.#.#...........#.#.#.#
................#.....#.#.#
.....##.#....#..#.#.###.#.#
.....##.#.#+##......# #.#.#
.....##.#.#.##......# #.#.#
.....##.#.#.......#.#####.#
.....##.#.#.............#.#
................@.......#.#
......#.#............####.#
......#.#.##.#.......# #.#
##........##.#.......## #.#
......................# #.#
........#.##.#.#......###.#
....#.#...................#
....#.#.##....#....#..#...#
....#.#.##....#.#.........#


There were no monsters in sight!

Vanquished Creatures
  2 adders
  An ooze (D:2)
  3 dart slugs
  3 leopard geckos
  A ball python (D:2)
  4 bats
  A giant cockroach (D:2)
  4 goblins
  5 hobgoblins
  A quokka (D:2)
  2 frilled lizards
  7 kobolds
  6 rats
40 creatures vanquished.

Notes
Turn   | Place    | Note
-------+----------+-------------------------------------------
     0 | D:1      | varam the Troll Monk began the quest for the Orb.
     0 | D:1      | Reached XP level 1. HP: 22/22 MP: 0/0
   148 | D:1      | Reached XP level 2. HP: 29/29 MP: 1/1
   280 | D:2      | Found a shattered altar of Ashenzari.
   330 | D:2      | Reached XP level 3. HP: 25/36 MP: 2/2
   494 | D:3      | Found a hide-covered altar of Uskayaw.
   514 | D:3      | Became a worshipper of Uskayaw the Reveler
   514 | D:3      | Reached * piety under Uskayaw
   570 | D:2      | Reached ** piety under Uskayaw
   809 | D:1      | Reached XP level 4. HP: 44/44 MP: 3/3
  1151 | D:1      | Quit the game

Vault maps used:
D:1:      lemuel_arrival_rhombus
D:2:      ashenzari_altar_1
D:3:      lemuel_zombie_altar_yredelemnul, nicolae_overflow_crystal_walls,
          old_standard_altar, hangedman_abyss_or_decor_lesser_grid, minivault_26

Skill      XL: |  1  2 |
---------------+-------+-----
Dodging        | 3 |  3.3
Fighting       | |  2.7
Stealth        | |  1.0
Unarmed Combat | |  3.9

Action                   |  1- 3 |  4- 6 || total
-------------------------+-------+-------++-------
Melee: Unarmed           |    83 |     4 ||    87
       Punch             |     4 |       ||     4
 Stab: Sleeping          |     2 |       ||     2
  Eat: Chunk             |    10 |     4 ||    14
Armor: Robe              |    27 |     1 ||    28
Dodge: Dodged            |    42 |     1 ||    43
